cohdb
Replays
Latest Replays
All Replays
Popular Replays
Top Player Replays
Match Explorer
How It Works
Community
CoH3 Stats
Reddit
Sign in to upload your games and track your stats! →
Sign in with Steam
Match 42814124
Unlisted
Match 42814124
Overview
Messages
Build Orders
End
Scout Squad
Construct Weapon Support Center
Selects Airborne Battlegroup
Selects Pathfinders
M1919 Machine Gun Team
M1919 Machine Gun Team
Mechanized Support Center
Selects Paratrooper Squad Paradrop
Paratrooper Squad Paradrop
Pathfinder Squad
Construct Medical Station
Paratrooper Squad Paradrop
Construct Tank Depot
Engineer Squad
M4A1 Sherman Medium Tank
M4A1 76mm Conversion
Designate Forward Repair Station
M4A1(76) Sherman Medium Tank
M4A1(76) Sherman Medium Tank
M4A1(76) Sherman Medium Tank
Selects Anti-tank Gun Team Paradrop
Selects Recon Loiter
Selects Paradrop Reinforcements
Recon Loiter
Bran
DrewP
Dillbro
The Exile
Zum Sieg
HENIEK
0
0
Comments
sign in to comment!
No comments posted yet!